 Dungeon Crawl Stone Soup version 0.29.1-15-g9cfb28693d (webtiles) character file.

Game seed: 11427340799563052405

1274 alllll the Covert (level 8, -2/56 HPs)
             Began as a Vampire Necromancer on Mar 14, 2023.
             Was a Priest of Makhleb.
             Slain by a gnoll sergeant
             ... wielding a +2 vorpal trident
              (6 damage)
             ... on level 6 of the Dungeon on Mar 15, 2023.
             The game lasted 00:19:26 (6907 turns).

alllll the Covert (Vampire Necromancer)             Turns: 6907, Time: 00:19:27

Health: -2/56      AC: 12    Str:  7    XL:     8   Next: 28%
Magic:  0/12       EV: 11    Int: 20    God:    Makhleb [***...]
Gold:   33         SH:  0    Dex: 14    Spells: 10/13 levels left

rFire   . . .      SeeInvis +   n - +3 quarterstaff (chaos)
rCold   + . .      Faith    .   (shield currently unavailable)
rNeg    . . .      Spirit   +   i - +1 ring mail {rPois}
rPois   +          Reflect  .   (no helmet)
rElec   .          Harm     .   L - +0 cloak {Stlth+}
rCorr   .          Rampage  .   (no gloves)
Will    .....                   D - +0 pair of boots
Stlth   ++++......              s - amulet of guardian spirit
HPRegen 0.38/turn               g - +4 ring of protection
MPRegen 0.13/turn               F - ring of protection from cold

@: healing quickly
A: alive, fangs 3, see invisible, vampiric 2
a: Exsanguinate, Renounce Religion, Minor Destruction, Lesser Servant of Makhleb


You were on level 6 of the Dungeon.
You worshipped Makhleb.
Makhleb was most pleased with you.
You visited 1 branch of the dungeon, and saw 6 of its levels.

You collected 258 gold pieces.
You spent 225 gold pieces at shops.

Inventory:

Hand Weapons
 c - a +0 falchion
 k - a +3 dagger
 m - a +0 great sword
 n - a +3 quarterstaff of chaos (weapon)
 o - a +1 hammer of draining
 K - a +0 dagger of venom
Missiles
 f - 55 stones
 r - 3 poisoned darts
 S - 2 throwing nets
Armour
 a - a +0 robe
 i - a +1 ring mail of poison resistance (worn)
 D - a +0 pair of boots (worn)
 L - a +0 cloak of stealth (worn)
Magical Staves
 y - a staff of cold
 B - a staff of fire
Jewellery
 g - a +4 ring of protection (left hand)
 q - an amulet of magic regeneration
 s - an amulet of guardian spirit (around neck)
 x - an amulet of the acrobat
 F - a ring of protection from cold (right hand)
 O - a ring of protection from fire
Scrolls
 d - 3 scrolls of vulnerability
 h - a scroll of brand weapon {unknown}
 w - a scroll of magic mapping
 A - a scroll of enchant weapon {unknown}
 E - 2 scrolls of butterflies {unknown}
 I - a scroll of enchant armour {unknown}
 J - a scroll of teleportation {unknown}
 M - a scroll of acquirement {unknown}
Potions
 b - 2 potions of magic
 e - a potion of degeneration {unknown}
 j - a potion of ambrosia
 l - a potion of heal wounds
 p - a potion of berserk rage {unknown}
 t - a potion of attraction
 u - a potion of curing
 v - a potion of flight
 z - a potion of lignification {unknown}
 C - a potion of mutation {unknown}
 H - a potion of invisibility {unknown}
 P - a potion of haste {unknown}
 Q - a potion of brilliance {unknown}
 R - a potion of resistance {unknown}


   Skills:
 + Level 2.1 Fighting
 + Level 0.6(1.0) Short Blades
 + Level 1.1(1.2) Long Blades
 + Level 4.4 Staves
 + Level 2.2 Armour
 + Level 4.0 Dodging
 + Level 8.0 Stealth
 + Level 0.4 Unarmed Combat
 + Level 3.2 Spellcasting
 + Level 5.3 Necromancy


You had 10 spell levels left.
You knew the following spells:

 Your Spells              Type           Power      Damage    Failure   Level
a - Necrotise             Necr           96%        1d8       5%          1
b - Sublimation of Blood  Necr           24%        N/A       8%          2

Your spell library contained the following spells:

 Spells                   Type           Power      Damage    Failure   Level
 Vampiric Draining        Necr           24%        2d7       16%         3
 Apportation              Tloc           6%         N/A       43%         1
 Summon Small Mammal      Summ           12%        N/A       43%         1
 Animate Dead             Necr           24%        N/A       45%         4
 Ensorcelled Hibernation  Hex/Ice        6%         N/A       56%         2
 Passwall                 Tmut/Erth      2%         N/A       56%         2
 Static Discharge         Conj/Air       3%         3-4/arc   56%         2
 Stone Arrow              Conj/Erth      6%         3d7       80%         3
 Swiftness                Air            3%         N/A       80%         3
 Agony                    Necr           24%        N/A       82%         5
 Animate Armour           Summ/Erth      6%         N/A       99%         4
 Petrify                  Tmut/Erth      3%         N/A       99%         4
 Irradiate                Conj/Tmut      1%         3d12      100%        5
 Lightning Bolt           Conj/Air       1%         1d12      100%        5
 Lehudib's Crystal Spear  Conj/Erth      1%         10d2      100%        8
 Maxwell's Capacitive Co  Air            1%         ∞         100%        8


Dungeon Overview and Level Annotations

Branches:
Dungeon (6/15)
 Temple: D:4-7

Altars:
Ashenzari
Cheibriados
Kikubaaqudgha
Makhleb
Qazlal
Sif Muna
Trog

Shops:
D:5 [


Innate Abilities, Weirdness & Mutations

Your natural rate of healing is accelerated.
You have razor-sharp teeth.
You have supernaturally acute eyesight. (SInv)
You are afflicted with vampirism and can become a bat while bloodless.


Message History

Your gnoll skeleton barely misses the gnoll.
The gnoll hits you with a +0 whip.
* * * LOW HITPOINT WARNING * * *
The ice beast hits the gnoll.
The ice beast freezes the gnoll!
The gnoll is killed!
Makhleb accepts your kill.
You feel better.
The ice beast hits itself.
You sock the gnoll!
The gnoll suddenly seems more agile.
The gnoll is heavily wounded.
The gnoll hits you with a +0 whip.
* * * LOW HITPOINT WARNING * * *
The gnoll sergeant closely misses you.
The ice beast hits the gnoll.
The ice beast freezes the gnoll!
The gnoll is killed!
Makhleb accepts your kill.
The ice beast seems less confused.
Your gnoll skeleton hits the gnoll.
Your magical contamination has completely faded away.
Your gnoll skeleton hits the gnoll but does no damage.
You closely miss the ice beast.
The ice beast is moderately wounded.
The ice beast no longer looks unusually strong.
The ice beast hits you but does no damage.
Your gnoll skeleton hits the gnoll but does no damage.
You thump the ice beast!
You melt the ice beast.
The ice beast is severely wounded.
The ice beast hits you but does no damage.
Your gnoll skeleton hits the gnoll.
You thump the ice beast!
You kill the ice beast!
Makhleb accepts your kill.
Your Dodging skill increases to level 4!
Your Stealth skill increases to level 8!
The gnoll sergeant hits you with a +2 vorpal trident!
* * * LOW HITPOINT WARNING * * *
x2
As you read the scroll labelled POGIWK YVYL, it crumbles to dust.
It is a scroll of amnesia.
Forget Vampiric Draining, freeing 3 spell levels for a total of 10?
Your memory of Vampiric Draining unravels.
The gnoll sergeant hits you with a +2 vorpal trident.
You die...

...# ♣.≈≈≈≈≈§≈.♣ #.#.# *,* ####
♣≈..≈§≈§.≈♣ #.#.# *,* ♣≈.≈...≈.≈♣
#.#.# *,* ♣§§≈._.≈.≈♣ #.#.# *,*
♣§§≈...≈.≈♣ #.#.# *,* ♣≈§.≈≈§..≈♣
#.#.# *,* ♣.≈≈≈§§≈≈.♣
#####...######.#
##♣..§......♣##g.Z........)..#
####..♣♣♣♣♣♣♣♣♣.@gg###.#..))....#
............# ###### #.########.#
######..##### #.#,,,,,,,,.
<......## *******#.#,******,*
######.# *,,,,,,...,*,,,,*,*
.#####.# *,,,,,,...,*,**,,,*
.......### *,,,,,,...,*,******
.........# *,,,,,,,,,,*,*
..>......# *,,,,,,,,,,*,*


You could see a gnoll sergeant, 2 gnolls and a friendly gnoll skeleton.

Vanquished Creatures
  A water moccasin (D:6)
  A black bear (D:5)
  2 ice beasts
  A phantom (D:6)
  A kobold brigand (D:5)
  A bullfrog (D:6)
  A necrophage (D:5)
  2 scorpions
  4 hounds
  A jelly (D:4)
  Crazy Yiuf (D:2)
  Natasha (twice) (D:2)
  2 iguanas (D:4)
  8 adders
  3 gnolls (D:6)
  A shadow imp (D:5)
  A white imp (D:5)
  An ufetubus (D:5)
  3 worms
  A dart slug (D:4)
  9 orcs
  6 ball pythons
  9 endoplasms
  5 goblins
  9 hobgoblins
  12 jackals
  7 quokkas
  A bat (D:1)
  2 frilled lizards
  13 kobolds
  7 rats
118 creatures vanquished.

Vanquished Creatures (collateral kills)
  A bat (D:1)
  A kobold (D:2)
  A rat (D:2)
3 creatures vanquished.

Grand Total: 121 creatures vanquished

Notes
Turn   | Place    | Note
-------+----------+-------------------------------------------
     0 | D:1      | alllll the Vampire Necromancer began the quest for the Orb.
     0 | D:1      | Reached XP level 1. HP: 13/13 MP: 3/3
   149 | D:1      | Reached XP level 2. HP: 19/19 MP: 5/5
   632 | D:1      | Learned a level 2 spell: Sublimation of Blood
   840 | D:1      | Found a faded altar of an unknown god.
   847 | D:1      | Prayed at the altar of an unknown god.
   847 | D:1      | Became a worshipper of Makhleb the Destroyer
   847 | D:1      | Reached * piety under Makhleb
  1092 | D:1      | Gained mutation: You are afflicted with vampirism and can
                  | become a bat while bloodless. [Vampire growth]
  1092 | D:1      | Reached XP level 3. HP: 16/24 MP: 6/6
  1507 | D:2      | Learned a level 3 spell: Vampiric Draining
  1547 | D:2      | Found a runed translucent door.
  1548 | D:2      | Noticed Crazy Yiuf
  1607 | D:2      | Killed Crazy Yiuf
  1608 | D:2      | Reached skill level 1 in Long Blades
  1608 | D:2      | Reached skill level 4 in Stealth
  1608 | D:2      | Reached XP level 4. HP: 15/27 MP: 5/7
  1988 | D:2      | Noticed Natasha
  1997 | D:2      | Killed Natasha
  1998 | D:2      | Reached skill level 5 in Necromancy
  2041 | D:2      | Noticed Natasha
  2047 | D:2      | Killed Natasha
  2168 | D:3      | Reached ** piety under Makhleb
  2169 | D:3      | Reached XP level 5. HP: 30/31 MP: 4/9
  3125 | D:3      | Found a bloodstained altar of Trog.
  3517 | D:4      | Found an ancient bone altar of Kikubaaqudgha.
  3578 | D:4      | Reached skill level 5 in Stealth
  3597 | D:4      | Reached skill level 1 in Staves
  3688 | D:4      | Reached skill level 1 in Fighting
  3715 | D:4      | Reached skill level 6 in Stealth
  3715 | D:4      | Reached XP level 6. HP: 18/43 MP: 7/10
  3900 | D:4      | Reached skill level 7 in Stealth
  4166 | D:4      | Found a stormy altar of Qazlal.
  4325 | D:5      | Entered Level 5 of the Dungeon
  4396 | D:5      | Found a shimmering blue altar of Sif Muna.
  4545 | D:5      | Reached XP level 7. HP: 29/48 MP: 5/11
  5662 | D:5      | Found Rokaaz's Antique Armour Boutique.
  5670 | D:5      | Reached skill level 1 in Armour
  6022 | D:5      | Bought a glowing cloak for 225 gold pieces
  6099 | D:5      | Reached *** piety under Makhleb
  6485 | D:6      | Found a broken altar of Ashenzari.
  6603 | D:6      | Found a snail-covered altar of Cheibriados.
  6639 | D:6      | Reached XP level 8. HP: 56/56 MP: 12/12
  6906 | D:6      | Reached skill level 8 in Stealth
  6907 | D:6      | Slain by a gnoll sergeant

Illustrated notes

Levels and vault maps discovered:
D:1:      nicolae_arrival_somewhat_less_tricky_arrival, layout_loops_ring,
          shapermc_ecumenical_altar_petra, minmay_cut_off
D:2:      layout_rooms, amethyst_killhole, grunt_ministairs_2,
          minmay_misc_feat_four_crosses, uniq_crazy_yiuf_cottage, uniq_natasha
D:3:      layout_basic, trog_book, grunt_ministairs_13,
          kennysheep_generic_room_15
D:4:      layout_cave_pools, nicolae_qazlal_general_emergency,
          nicolae_kikubaaqudgha_miasma_corner, serial_forest,
          infiniplex_forest_corner_1, infiniplex_forest_zigzag_1,
          infiniplex_forest_fountain, infiniplex_forest_diagonal,
          infiniplex_forest_straight_3, infiniplex_forest_straight_2,
          infiniplex_forest_lined_room_2, infiniplex_forest_diagonal
D:5:      layout_rooms, pf_just_have_faith, tso_altar, serial_shops,
          shop_fountains, nicolae_underground_beach
D:6:      layout_basic, mainiacjoe_overflow_paths, kennysheep_mini_moat,
          elyvilon_altar_3, mainiacjoe_overflow_small_starburst, uniq_sigmund

Skill      XL: |  1  2  3  4  5  6  7  8 |
---------------+-------------------------+-----
Long Blades    | 1 |  1.1
Stealth        | 4 6 7 8 |  8.0
Necromancy     | 5 |  5.3
Dodging        | 3 4 |  4.0
Staves         | 1 2 3 4 |  4.4
Fighting       | 1 2 |  2.1
Armour         | 2 |  2.2
Spellcasting   | 3 |  3.2
Short Blades   | |  0.6
Unarmed Combat | |  0.4

Action                   |  1- 3 |  4- 6 |  7- 9 || total
-------------------------+-------+-------+-------++-------
Melee: Unarmed           |    27 |       |       ||    27
       Falchion          |    50 |       |       ||    50
       Bite              |     8 |    10 |     8 ||    26
       Dagger            |    21 |       |       ||    21
       Punch             |     1 |       |       ||     1
       Quarterstaff      |       |   149 |    97 ||   246
 Cast: Necrotise         |    16 |    10 |    12 ||    38
       Sublimation of Bl |     2 |     1 |       ||     3
       Vampiric Draining |       |     1 |       ||     1
 Abil: Bat Form          |     1 |       |       ||     1
       Exsanguinate      |     1 |       |       ||     1
       Revivify          |     1 |       |       ||     1
  Use: Scroll            |     1 |     5 |     3 ||     9
       Potion            |     1 |       |     1 ||     2
 Stab: Sleeping          |     7 |    14 |     6 ||    27
       Distracted        |       |       |     1 ||     1
       Confused          |       |       |     1 ||     1
       Paralysed         |       |       |     1 ||     1
Armor: Robe              |    40 |    35 |       ||    75
       Ring mail         |       |    34 |    87 ||   121
Dodge: Dodged            |   101 |   121 |    97 ||   319
